 Dungeon Crawl Stone Soup version 0.19-a0-1886-gd64a0f0 (webtiles) character file.

188 Psiweapon the Slasher (level 5, -2/42 HPs)
             Began as a Minotaur Gladiator on Oct 16, 2016.
             Slain by Sigmund
             ... wielding a +6 scythe of protection
              (5 damage)
             ... on level 3 of the Dungeon.
             The game lasted 00:08:13 (2723 turns).

Psiweapon the Slasher (Minotaur Gladiator)          Turns: 2723, Time: 00:08:14

Health: -2/42      AC:  3    Str: 19 (20) XL:     5   Next: 39%
Magic:  4/4        EV: 13    Int:  3 (5)  God:
Gold:   127        SH:  0    Dex:  9 (11) Spells: 0 memorised, 4 levels left

rFire  . . .     SeeInvis .     a - +1 long sword
rCold  . . .     Gourm    .     p - +0 leather armour
rNeg   . . .     Faith    .     (no shield)
rPois  .         Spirit   .     c - +0 hat
rElec  .         Dismiss  .     (no cloak)
rCorr  .         Reflect  .     (no gloves)
MR     .....     Harm     .     (no boots)
Stlth  +.........               (no amulet)
                                (no ring)
                                (no ring)

@: no status effects
A: retaliatory headbutt, horns 2
a: no special abilities


You were on level 3 of the Dungeon.
You were not hungry.

You visited 1 branch of the dungeon, and saw 4 of its levels.

You collected 127 gold pieces.

Inventory:

Hand Weapons
 a - a +1 long sword (weapon)
 b - a +0 hunting sling
 g - a +3 short sword
 k - a -1 whip
 o - a +1 short sword of flaming
Missiles
 d - 3 throwing nets (quivered)
 l - 36 sling bullets
 u - a tomahawk
Armour
 c - a +0 hat (worn)
 p - a +0 leather armour (worn)
Wands
 r - a wand of confusion (0/48)
Scrolls
 e - a scroll of enchant weapon
 q - a scroll of amnesia {unknown}
Potions
 h - 2 potions of curing
 i - a potion of berserk rage {unknown}
 j - 2 potions of degeneration
 m - 3 potions of cancellation {unknown}
 n - a potion of lignification {unknown}
Comestibles
 f - 2 bread rations
 s - a meat ration
 t - 6 chunks of flesh


   Skills:
 - Level 2.4 Fighting
 * Level 6.2 Long Blades
 - Level 2.0 Throwing
 + Level 4.9 Dodging


You had 4 spell levels left.
You didn't know any spells.

Dungeon Overview and Level Annotations

Branches:
Dungeon (4/15)
 Temple: D:4-7

Altars:

Annotations:
D:3 Ijyb, Robin, Sigmund


Innate Abilities, Weirdness & Mutations

You reflexively headbutt those who attack you in melee.
You have a pair of horns on your head.


Message History

Sigmund screams, "Die, monster!"
Sigmund hits you with a scythe of protection.
* * * LOW HITPOINT WARNING * * *
You completely miss Sigmund. Ijyb misses you.
You hit Sigmund but do no damage. Your headbutt misses Sigmund.
Sigmund closely misses you. You furiously retaliate!
You headbutt Sigmund!
You riposte.
You closely miss Sigmund.
Sigmund is moderately wounded.
Ijyb closely misses you.
You hit Sigmund but do no damage. You headbutt Sigmund.
Sigmund is moderately wounded.
Sigmund gestures at you while chanting. The magic dart hits you!
* * * LOW HITPOINT WARNING * * *
Ijyb barely misses you.
It was a potion of degeneration.
There was something very wrong with that liquid.
You feel weakened.
You feel dopey.
You feel clumsy.
Sigmund hits you with a scythe of protection.
You die...

#########.#
#.........# .
#....######
##...## . #8...8#
##...## . #....
#...# .# #$%.
##(g.## ..##...
#8..@8# ).....###
##.@.##
...#..#8###8 #...#
.g.#...........?.#
.gg.g............8
..#..............#
..g.>##8###8###8##
......# ## ##
......#


You could see Sigmund and Ijyb.

Vanquished Creatures
  Jessica (D:3)
  Terence (D:3)
  5 adders
  An ooze (D:2)
  2 worms
  3 dart slugs
  A leopard gecko (D:3)
  5 orcs (D:3)
  10 bats
  3 giant cockroaches
  3 hobgoblins (D:1)
  3 jackals (D:2)
  A quokka (D:2)
  A ball python (D:2)
  3 frilled lizards (D:1)
  8 goblins
  14 kobolds
  10 rats
75 creatures vanquished.

Notes
Turn   | Place    | Note
-------+----------+-------------------------------------------
     0 | D:1      | Psiweapon the Minotaur Gladiator began the quest for the Orb.
     0 | D:1      | Reached XP level 1. HP: 18/18 MP: 0/0
    89 | D:2      | Reached skill level 4 in Long Blades
    93 | D:2      | Reached XP level 2. HP: 16/25 MP: 1/1
   331 | D:3      | Reached XP level 3. HP: 28/30 MP: 2/2
   340 | D:3      | Noticed Terence
   350 | D:3      | Killed Terence
   350 | D:3      | Reached skill level 5 in Long Blades
   902 | D:1      | Reached XP level 4. HP: 36/37 MP: 3/3
  1939 | D:3      | Noticed Robin
  2357 | D:4      | Reached XP level 5. HP: 26/42 MP: 4/4
  2494 | D:3      | Reached skill level 6 in Long Blades
  2496 | D:3      | Noticed Jessica
  2504 | D:3      | Killed Jessica
  2705 | D:3      | Noticed Ijyb
  2712 | D:3      | Noticed Sigmund
  2723 | D:3      | Slain by Sigmund

Vault maps used:
D:1:      tarquinn_simple_flora_water_e, amethyst_killhole
D:2:      serial_glass, glass_columns_a, glass_columns_b
D:3:      first_bread, serial_corexii_hall, corexii_hall_statues_x,
          corexii_hall_statues_l, corexii_hall_statues_l, uniq_jessica,
          uniq_iyjb, uniq_sigmund, uniq_robin, uniq_terence

Skill      XL: |  1  2  3  4  5 |
---------------+----------------+-----
Long Blades    | 4 5 6 |  6.2
Dodging        | 4 |  4.9
Fighting       | |  2.4
Throwing       | |  2.0

Action                   |  1- 3 |  4- 6 || total
-------------------------+-------+-------++-------
Melee: Long sword        |    48 |    50 ||    98
       Headbutt          |    12 |    14 ||    26
       Whip              |    19 |    36 ||    55
 Fire: Hunting sling     |       |    31 ||    31
Evoke: Wand              |       |     4 ||     4
  Use: Scroll            |     3 |     1 ||     4
       Potion            |       |     1 ||     1
 Stab: Sleeping          |       |     1 ||     1
       Confused          |       |     1 ||     1
  Eat: Chunk             |       |     6 ||     6
Armor: Leather armour    |    13 |    16 ||    29
Dodge: Dodged            |    48 |    70 ||   118
       Rpst.: Long sword |     7 |    18 ||    25
